 Dungeon Crawl Stone Soup version 0.27.1-33-g824d729ab1 (webtiles) character file.

Game seed: 1499116886314255292

245 zeram the Poker (level 6, -5/49 HPs)
             Began as a Merfolk Fighter on Nov 28, 2021.
             Killed by divine providence
             ... invoked by an orc priest
              (14 damage)
             ... on level 3 of the Dungeon.
             The game lasted 00:03:17 (2700 turns).

zeram the Poker (Merfolk Fighter)                   Turns: 2700, Time: 00:03:17

Health: -5/49      AC:  7    Str: 17    XL:     6   Next: 10%
Magic:  6/6        EV:  7    Int:  9    God:
Gold:   93         SH:  9    Dex: 13    Spells: 5/5 levels left

rFire    . . .     SeeInvis .   a - +0 trident
rCold    . . .     Faith    .   c - +0 kite shield
rNeg     . . .     Spirit   .   b - +0 scale mail
rPois    .         Reflect  .   (no helmet)
rElec    .         Harm     .   (no cloak)
rCorr    .         Rampage  .   g - +0 pair of gloves
Will     .....                  (no boots)
Stlth    ..........             (no amulet)
HPRegen  0.16/turn              (no ring)
MPRegen  0.10/turn              (no ring)

@: mighty, about to teleport
A: (nimble swimmer 2), mertail
a: no special abilities


You were on level 3 of the Dungeon.
You visited 1 branch of the dungeon, and saw 3 of its levels.

You collected 93 gold pieces.

Inventory:

Hand Weapons
 a - a +0 trident (weapon)
Armour
 b - a +0 scale mail (worn)
 c - a +0 kite shield (worn)
 g - a +0 pair of gloves (worn)
Scrolls
 e - a scroll of enchant armour {unknown}
 f - a scroll of teleportation
 j - a scroll of identify
Potions
 h - a potion of resistance {unknown}
 i - 2 potions of ambrosia {unknown}


   Skills:
 + Level 4.3 Fighting
 + Level 6.6 Polearms
 - Level 2.1 Armour
 + Level 1.4 Dodging
 + Level 4.1 Shields


You had 5 spell levels left.
You didn't know any spells.
Your spell library was empty.

Dungeon Overview and Level Annotations

Branches:
Dungeon (3/15)

Altars:

Shops:
D:1 :


Innate Abilities, Weirdness & Mutations

((You are quick and stealthy near water. (Stealth+, EV+, Speed+++)))
Your lower body shifts to a powerful aquatic tail in water.


Message History

The orc priest calls upon Beogh to heal the orc priest.
The orc priest is healed somewhat.
The orc priest looks encouraged for a moment.
You hear a shout!
You barely miss the orc priest.
The orc priest is moderately wounded.
You feel very sick. The orc priest barely misses you.
You feel better.
The orc priest hits you but does no damage.
You are poisoned.
You barely miss the orc priest.
The orc priest is moderately wounded.
You feel sick.
You puncture the orc priest!
You kill the orc priest!
You feel sick.
You have reached level 6!
Your experience leads to an increase in your attributes!
Increase (S)trength, (I)ntelligence, or (D)exterity?
You feel clever.
You closely miss the orc priest.
You feel sick.
The orc priest hits you with a +0 hand axe. x2
You barely miss the orc priest.
You feel sick.
You are no longer poisoned.
The orc priest hits you with a +0 hand axe.
* * * LOW HITPOINT WARNING * * *
An orc comes into view. It is wielding a +0 dagger.
Unknown command.
As you read the scroll of teleportation, it crumbles to dust.
You feel strangely unstable.
The orc shouts!
You hear a shout!
The orc priest hits you with a +0 hand axe.
* * * LOW HITPOINT WARNING * * *
The orc throws a stone.
You block the stone.
An endoplasm comes into view.
The endoplasm quivers.
The orc priest invokes the aid of Beogh against you.
Beogh smites you!
You die...

..........#
####.####.###########
#......o.............
#.#....##.#########..
#.####..#.#.##.#########.#
.o....o###..##...........#
##oo#.#.######.###.#.#
#o#..#.# #.# #.#.#
#o##@#.# #)# #<#.# #o
#.#.# #.###.#.# #. #.#.#
#.##....# #. #.#.#
#.###.#.# .. .J#.#
#.##....# #. ... #.#.###.#
### ..#.# #.. ###.###.#
##.....


You could see 2 orc priests, an orc and an endoplasm.

Vanquished Creatures
  A necrophage (D:3)
  An orc priest (D:3)
  Terence (D:2)
  4 adders
  A worm (D:3)
  A dart slug (D:2)
  An orc (D:3)
  6 endoplasms
  2 giant cockroaches (D:2)
  5 goblins
  4 hobgoblins
  7 jackals
  3 kobolds
  4 quokkas
  5 ball pythons
  5 bats
  4 frilled lizards
  6 rats
61 creatures vanquished.

Notes
Turn   | Place    | Note
-------+----------+-------------------------------------------
     0 | D:1      | zeram the Merfolk Fighter began the quest for the Orb.
     0 | D:1      | Reached XP level 1. HP: 18/18 MP: 1/1
   454 | D:1      | Reached XP level 2. HP: 24/24 MP: 2/2
   789 | D:1      | Found Sehurch's Book Emporium.
   825 | D:1      | Found a faded altar of an unknown god.
  1030 | D:2      | Reached XP level 3. HP: 30/30 MP: 3/3
  1137 | D:2      | Noticed Terence
  1148 | D:2      | Killed Terence
  1149 | D:2      | Reached skill level 4 in Polearms
  1347 | D:2      | Reached skill level 1 in Dodging
  1347 | D:2      | Reached XP level 4. HP: 27/37 MP: 4/4
  1991 | D:2      | Reached skill level 5 in Polearms
  2156 | D:3      | Reached XP level 5. HP: 30/42 MP: 5/5
  2516 | D:3      | Noticed a necrophage
  2527 | D:3      | Killed a necrophage
  2528 | D:3      | Reached skill level 6 in Polearms
  2697 | D:3      | Reached XP level 6. HP: 27/49 MP: 6/6
  2700 | D:3      | Killed from afar by an orc priest

Illustrated notes

Levels and vault maps discovered:
D:1:      mrwooster_arrival_statue_2, layout_rooms, serial_shops, shop,
          hellmonk_ecumenical_altar_dog_temple
D:2:      layout_loops_ring, uniq_terence
D:3:      layout_loops_ring

Skill      XL: |  1  2  3  4  5 |
---------------+----------------+-----
Polearms       | 4 5 6 |  6.6
Dodging        | 1 |  1.4
Fighting       | 4 |  4.3
Shields        | 4 |  4.1
Armour         | |  2.1

Action                   |  1- 3 |  4- 6 || total
-------------------------+-------+-------++-------
Melee: Trident           |   107 |   135 ||   242
  Use: Scroll            |     6 |     2 ||     8
       Potion            |     1 |     2 ||     3
Armor: Scale mail        |    51 |    53 ||   104
Dodge: Dodged            |    21 |    29 ||    50
Block: Kite shield       |    53 |    52 ||   105
